PAAA
SALT LAKE CITY BUZZ @ OCEANSIDE OCEANLINERS
06/10/2017
 
TOP OF THE 1ST
Bangor Trident Base Ogres batting - Pitching for Salt Lake City Buzz : LHP Júlio Hernández
Pitching: LHP Júlio Hernández
Batting: RHB Jim Unknown 0-0: Called Strike
0-1: Foul Ball, location: 2F
0-2: Strikes out swinging
Batting: RHB Jim Unknown 0-0: Ball
1-0: Called Strike
1-1: Ball
2-1: Swinging Strike
2-2: Strikes out looking
Batting: LHB Jim Unknown 0-0: Ball
1-0: Foul Ball, location: 2F
1-1: Ball
2-1: Swinging Strike
2-2: SINGLE (Line Drive, 6MD)
Batting: RHB Jim Unknown 0-0: Called Strike
0-1: Ball
1-1: Ball
2-1: Ball
3-1: TRIPLE (Line Drive, 9LM)
Jim Unknown scores
Batting: RHB Jim Unknown 0-0: Called Strike
0-1: Ball
1-1: Ball
2-1: SINGLE (Groundball, 6M)
Jim Unknown scores
Batting: LHB Jim Unknown 0-0: Ball
1-0: Called Strike
1-1: Fielders Choice at 2nd, U6 (Groundball, 6M)
Top of the 1st over - 2 run(s), 3 hit(s), 0 error(s), 1 left on base; Bangor Trident Base 2 - Salt Lake City 0
BOTTOM OF THE 1ST
Salt Lake City Buzz batting - Pitching for Bangor Trident Base Ogres : RHP Jim Unknown
Pitching: RHP Jim Unknown
Batting: RHB Jim Coffey 0-0: Swinging Strike
0-1: Ball
1-1: Swinging Strike
1-2: Ball
2-2: Strikes out looking
Batting: RHB Jason Delaney 0-0: Swinging Strike
0-1: Ball
1-1: Fly out, F8 (Flyball, 89M)
Batting: RHB Luis Rivas 0-0: Ball
1-0: Ball
2-0: Swinging Strike
2-1: Foul Ball, location: 2F
2-2: Ground out 6-3 (Groundball, 6)
Bottom of the 1st over - 0 run(s), 0 hit(s), 0 error(s), 0 left on base; Bangor Trident Base 2 - Salt Lake City 0
TOP OF THE 2ND
Bangor Trident Base Ogres batting - Pitching for Salt Lake City Buzz : LHP Júlio Hernández
Batting: LHB Jim Unknown 0-0: Ball
1-0: Ground out 4-3 (Groundball, 4)
Batting: SHB Jim Unknown 0-0: Ball
1-0: Ball
2-0: SINGLE (Groundball, 6MD)
Batting: SHB Jim Unknown 0-0: Ball
1-0: Ball
2-0: Called Strike
2-1: Foul Ball, location: 2F
2-2: Fly out, F4 (Popup, 4D)
Batting: RHB Jim Unknown 0-0: Called Strike
0-1: Swinging Strike
0-2: Strikes out swinging
Top of the 2nd over - 0 run(s), 1 hit(s), 0 error(s), 1 left on base; Bangor Trident Base 2 - Salt Lake City 0
BOTTOM OF THE 2ND
Salt Lake City Buzz batting - Pitching for Bangor Trident Base Ogres : RHP Jim Unknown
Batting: RHB Julián Guzmán 0-0: Ball
1-0: Ball
2-0: Called Strike
2-1: Called Strike
2-2: Foul Ball, location: 2F
2-2: Strikes out looking
Batting: LHB Iván Gonzáles 0-0: Called Strike
0-1: SINGLE (Groundball, 4MD)
Batting: RHB Don MacNeilage 0-0: Called Strike
0-1: Ball
1-1: Ball
2-1: Foul Ball, location: 2F
2-2: Ball
3-2: 2-RUN HOME RUN (Line Drive, 7D), Distance : 410 ft
Batting: RHB Lúcio Gonzáles 0-0: Called Strike
0-1: Ball
1-1: Foul Ball, location: 2F
1-2: DOUBLE (Line Drive, 5D)
Batting: LHB Fernando González 0-0: Called Strike
0-1: Ball
1-1: Swinging Strike
1-2: Ball
2-2: DOUBLE (Flyball, 8LXD)
Lúcio Gonzáles scores
Batting: RHB Ángel Bruno 0-0: Foul Ball, location: 2F
0-1: Foul Ball, location: 2F
0-2: Ball
1-2: Fly out, F8 (Line Drive, 78M)
Batting: RHB Jim Coffey 0-0: Ball
1-0: Foul Ball, location: 2F
1-1: Ball
2-1: Ball
3-1: SINGLE (Groundball, 6D)
Fernando González to third
Runner from 3rd tries for Home, SAFE, no throw or cutoff
Batting: RHB Jason Delaney 0-0: Swinging Strike
0-1: Foul Ball, location: 2F
0-2: Ball
1-2: SINGLE (Line Drive, 8LS)
Jim Coffey to second
Runner from 2nd tries for 3rd, SAFE, no throw or cutoff
Batting: RHB Luis Rivas 0-0: Foul Ball, location: 2F
0-1: Ball
1-1: Ball
2-1: Called Strike
2-2: Strikes out looking
Bottom of the 2nd over - 4 run(s), 6 hit(s), 0 error(s), 2 left on base; Bangor Trident Base 2 - Salt Lake City 4
TOP OF THE 3RD
Bangor Trident Base Ogres batting - Pitching for Salt Lake City Buzz : LHP Júlio Hernández
Batting: RHB Jim Unknown 0-0: Ball
1-0: Foul Ball, location: 2F
1-1: Fly out, F9 (Flyball, 89M)
Batting: LHB Jim Unknown 0-0: SINGLE (Line Drive, 89S)
Batting: RHB Jim Unknown 0-0: Ball
1-0: Foul Ball, location: 2F
1-1: Ball
2-1: Foul Ball, location: 2F
2-2: Strikes out swinging
Batting: RHB Jim Unknown 0-0: Swinging Strike
Jim Unknown steals 2nd base
0-1: Ground out 5-3 (Groundball, 5S)
Top of the 3rd over - 0 run(s), 1 hit(s), 0 error(s), 1 left on base; Bangor Trident Base 2 - Salt Lake City 4
BOTTOM OF THE 3RD
Salt Lake City Buzz batting - Pitching for Bangor Trident Base Ogres : RHP Jim Unknown
Batting: RHB Julián Guzmán 0-0: Swinging Strike
0-1: DOUBLE (Groundball, 5L)
Batting: LHB Iván Gonzáles 0-0: Ball
1-0: Ball
2-0: Ground out 1-3 (Groundball, 13S)
Julián Guzmán to third
Batting: RHB Don MacNeilage 0-0: Ball
1-0: Ball
2-0: Ground out 6-3 (Groundball, 6M)
Julián Guzmán scores
Batting: RHB Lúcio Gonzáles 0-0: Called Strike
0-1: Ball
1-1: Swinging Strike
1-2: Strikes out swinging
Bottom of the 3rd over - 1 run(s), 1 hit(s), 0 error(s), 0 left on base; Bangor Trident Base 2 - Salt Lake City 5
TOP OF THE 4TH
Bangor Trident Base Ogres batting - Pitching for Salt Lake City Buzz : LHP Júlio Hernández
Batting: LHB Jim Unknown 0-0: Ball
1-0: Swinging Strike
1-1: Called Strike
1-2: Ball
2-2: Ground out 1-3 (Groundball, 15)
Batting: LHB Jim Unknown 0-0: Ball
1-0: Called Strike
1-1: Ball
2-1: Fly out, F7 (Flyball, 78S)
Batting: SHB Jim Unknown 0-0: Called Strike
0-1: Foul Ball, location: 2F
0-2: Ball
1-2: Fly out, F6 (Popup, 56D)
Top of the 4th over - 0 run(s), 0 hit(s), 0 error(s), 0 left on base; Bangor Trident Base 2 - Salt Lake City 5
BOTTOM OF THE 4TH
Salt Lake City Buzz batting - Pitching for Bangor Trident Base Ogres : RHP Jim Unknown
Batting: LHB Fernando González 0-0: Ball
1-0: Swinging Strike
1-1: Called Strike
1-2: Foul Ball, location: 2F
1-2: Ball
2-2: Strikes out swinging
Batting: RHB Ángel Bruno 0-0: Called Strike
0-1: Fly out, F7 (Flyball, 7M)
Batting: RHB Jim Coffey 0-0: Ball
1-0: Called Strike
1-1: SINGLE (Groundball, 56D)
Batting: RHB Jason Delaney 0-0: Called Strike
Jim Coffey steals 2nd base
0-1: Ball
1-1: Ball
2-1: Fly out, F9 (Line Drive, 89S)
Bottom of the 4th over - 0 run(s), 1 hit(s), 0 error(s), 1 left on base; Bangor Trident Base 2 - Salt Lake City 5
TOP OF THE 5TH
Bangor Trident Base Ogres batting - Pitching for Salt Lake City Buzz : LHP Júlio Hernández
Batting: SHB Jim Unknown 0-0: Ball
1-0: Foul Ball, location: 2F
1-1: Foul Ball, location: 2F
1-2: Strikes out swinging
Batting: RHB Jim Unknown 0-0: Called Strike
0-1: Ball
1-1: Called Strike
1-2: Foul Ball, location: 2F
1-2: Strikes out looking
Batting: RHB Jim Unknown 0-0: Foul Ball, location: 2F
0-1: SINGLE (Groundball, 56)
Batting: LHB Jim Unknown 0-0: Ball
1-0: Called Strike
1-1: Ball
2-1: Ball
3-1: Base on Balls
Jim Unknown to second
Batting: RHB Jim Unknown 0-0: Ball
1-0: Ball
2-0: Called Strike
2-1: Called Strike
2-2: Foul Ball, location: 2F
2-2: Ball
Passed Ball!
Jim Unknown to third
Jim Unknown to second
3-2: Foul Ball, location: 2F
3-2: SINGLE (Line Drive, 56)
Jim Unknown scores
Jim Unknown to third
Jim Unknown scores
Batting: RHB Jim Unknown 0-0: Ball
1-0: Called Strike
1-1: Foul Ball, location: 2F
1-2: SINGLE (Line Drive, 6D)
Jim Unknown to second
Batting: LHB Jim Unknown 0-0: Called Strike
0-1: Ball
1-1: SINGLE (Line Drive, 3D)
Jim Unknown to third
Jim Unknown to second
Throwing error, E9
Jim Unknown scores
Jim Unknown to third
Jim Unknown to second
Pitching: LHP Tom Gibbs
Batting: LHB Jim Unknown 0-0: Swinging Strike
0-1: Ball
1-1: Called Strike
1-2: Fly out, F6 (Popup, 78S)
Top of the 5th over - 3 run(s), 4 hit(s), 1 error(s), 2 left on base; Bangor Trident Base 5 - Salt Lake City 5
BOTTOM OF THE 5TH
Salt Lake City Buzz batting - Pitching for Bangor Trident Base Ogres : RHP Jim Unknown
Batting: RHB Luis Rivas 0-0: Called Strike
0-1: Called Strike
0-2: Ball
1-2: Strikes out looking
Batting: RHB Julián Guzmán 0-0: Foul Ball, location: 2F
0-1: Ball
1-1: Called Strike
1-2: Foul Ball, location: 2F
1-2: Foul Ball, location: 2F
1-2: Foul Ball, location: 2F
1-2: SOLO HOME RUN (Flyball, 7D), Distance : 415 ft
Pitching: RHP Jim Unknown
Batting: LHB Iván Gonzáles 0-0: Called Strike
0-1: Ball
1-1: Ball
2-1: SINGLE (Line Drive, 6MD)
Batting: RHB Don MacNeilage 0-0: Ball
1-0: Ball
2-0: Fly out, F7 (Line Drive, 78D)
Batting: RHB Lúcio Gonzáles 0-0: Ball
Iván Gonzáles steals 2nd base
1-0: Ball
2-0: Foul Ball, location: 2F
2-1: Ball
3-1: 2-RUN HOME RUN (Line Drive, 7D), Distance : 391 ft
Batting: LHB Fernando González 0-0: Called Strike
0-1: Ball
1-1: Ball
2-1: Ball
3-1: Base on Balls
Batting: RHB Ángel Bruno 0-0: Called Strike
0-1: Ball
1-1: Swinging Strike
1-2: Ball
2-2: Ball
3-2: Strikes out looking
Bottom of the 5th over - 3 run(s), 3 hit(s), 0 error(s), 1 left on base; Bangor Trident Base 5 - Salt Lake City 8
TOP OF THE 6TH
Bangor Trident Base Ogres batting - Pitching for Salt Lake City Buzz : LHP Tom Gibbs
Batting: SHB Jim Unknown 0-0: Called Strike
0-1: Swinging Strike
0-2: Ball
1-2: Ball
2-2: Strikes out looking
Batting: SHB Jim Unknown 0-0: Ball
1-0: Swinging Strike
1-1: Called Strike
1-2: Foul Ball, location: 2F
1-2: Ball
2-2: Foul Ball, location: 2F
2-2: Fly out, F9 (Line Drive, 89M)
Batting: RHB Jim Unknown 0-0: Foul Ball, location: 2F
0-1: Swinging Strike
0-2: Strikes out looking
Top of the 6th over - 0 run(s), 0 hit(s), 0 error(s), 0 left on base; Bangor Trident Base 5 - Salt Lake City 8
BOTTOM OF THE 6TH
Salt Lake City Buzz batting - Pitching for Bangor Trident Base Ogres : RHP Jim Unknown
Batting: RHB Jim Coffey 0-0: Foul Ball, location: 2F
0-1: Swinging Strike
0-2: Strikes out looking
Batting: RHB Jason Delaney 0-0: Ball
1-0: Called Strike
1-1: Ground out 6-3 (Groundball, 6S)
Batting: RHB Luis Rivas 0-0: Called Strike
0-1: Ground out 6-3 (Groundball, 4MS)
Bottom of the 6th over - 0 run(s), 0 hit(s), 0 error(s), 0 left on base; Bangor Trident Base 5 - Salt Lake City 8
TOP OF THE 7TH
Bangor Trident Base Ogres batting - Pitching for Salt Lake City Buzz : LHP Tom Gibbs
Batting: RHB Jim Unknown 0-0: Ball
1-0: Foul Ball, location: 2F
1-1: Fly out, F8 (Flyball, 8LM)
Batting: LHB Jim Unknown 0-0: Called Strike
0-1: Foul Ball, location: 2F
0-2: Ball
1-2: Strikes out swinging
Batting: RHB Jim Unknown 0-0: Ball
1-0: Called Strike
1-1: Ball
2-1: Ball
3-1: SINGLE (Groundball, 34D)
Batting: RHB Jim Unknown 0-0: Called Strike
0-1: Called Strike
0-2: Ball
1-2: Foul Ball, location: 2F
1-2: SINGLE (Flyball, 89S)
Jim Unknown to second
Runner from 2nd tries for 3rd, SAFE, throw made to third
Jim Unknown to second
Pitching: RHP Mike Hickey
Batting: LHB Jim Unknown 0-0: Ball
1-0: Called Strike
1-1: Called Strike
1-2: Ball
2-2: Ball
3-2: Base on Balls
Batting: LHB Jim Unknown 0-0: Called Strike
0-1: DOUBLE (Groundball, 3L)
Jim Unknown scores
Jim Unknown scores
Jim Unknown to third
Runner from 3rd tries for Home, SAFE, no throw or cutoff
Batting: SHB Jim Unknown 0-0: Swinging Strike
0-1: Called Strike
0-2: Strikes out looking
Top of the 7th over - 3 run(s), 3 hit(s), 0 error(s), 1 left on base; Bangor Trident Base 8 - Salt Lake City 8
BOTTOM OF THE 7TH
Salt Lake City Buzz batting - Pitching for Bangor Trident Base Ogres : RHP Jim Unknown
Batting: RHB Julián Guzmán 0-0: Ball
1-0: Foul Ball, location: 2F
1-1: Swinging Strike
1-2: Ball
2-2: Ball
3-2: Ground out 6-3 (Groundball, 6)
Pitching: RHP Jim Unknown
Batting: LHB Iván Gonzáles 0-0: Ball
1-0: Foul Ball, location: 2F
1-1: Fly out, F6 (Popup, 6)
Batting: RHB Don MacNeilage 0-0: Ball
1-0: Swinging Strike
1-1: Ball
2-1: Called Strike
2-2: Ball
3-2: Fly out, F9 (Flyball, 9D)
Bottom of the 7th over - 0 run(s), 0 hit(s), 0 error(s), 0 left on base; Bangor Trident Base 8 - Salt Lake City 8
TOP OF THE 8TH
Bangor Trident Base Ogres batting - Pitching for Salt Lake City Buzz : RHP Mike Hickey
Batting: SHB Jim Unknown 0-0: Ball
1-0: Called Strike
1-1: Ball
2-1: Ball
3-1: Foul Ball, location: 2F
3-2: Strikes out swinging
Pinch Hitting: RHB Jim Unknown 0-0: Fly out, F7 (Flyball, 7M)
Batting: RHB Jim Unknown 0-0: Ground out 5-3 (Groundball, 5L)
Top of the 8th over - 0 run(s), 0 hit(s), 0 error(s), 0 left on base; Bangor Trident Base 8 - Salt Lake City 8
BOTTOM OF THE 8TH
Salt Lake City Buzz batting - Pitching for Bangor Trident Base Ogres : RHP Jim Unknown
Now at SS: Jim Unknown
Batting: RHB Lúcio Gonzáles 0-0: Called Strike
0-1: Ball
1-1: Ground out 5-3 (Groundball, 5)
Batting: LHB Fernando González 0-0: Ball
1-0: Ball
2-0: Foul Ball, location: 2F
2-1: Foul Ball, location: 2F
2-2: Strikes out swinging
Pinch Hitting: LHB Frank Bass 0-0: Called Strike
0-1: Ball
1-1: Ball
2-1: Fly out, F7 (Line Drive, 78S)
Bottom of the 8th over - 0 run(s), 0 hit(s), 0 error(s), 0 left on base; Bangor Trident Base 8 - Salt Lake City 8
TOP OF THE 9TH
Bangor Trident Base Ogres batting - Pitching for Salt Lake City Buzz : RHP Mike Hickey
Pitching: RHP Jim Unknown
Now in CF: Marv White
Batting: LHB Jim Unknown 0-0: Ball
1-0: Ball
2-0: Called Strike
2-1: SINGLE (Line Drive, 5D)
Batting: RHB Jim Unknown 0-0: Ball
1-0: Foul Ball, location: 2F
1-1: Ball
2-1: Foul Ball, location: 2F
2-2: Ground out 3-1 (Groundball, 34)
Jim Unknown to second
Batting: RHB Jim Unknown 0-0: Called Strike
0-1: Ball
1-1: Ground out 4-3 (Groundball, 4M)
Jim Unknown to third
Batting: LHB Jim Unknown 0-0: Fly out, F9 (Flyball, 9D)
Top of the 9th over - 0 run(s), 1 hit(s), 0 error(s), 1 left on base; Bangor Trident Base 8 - Salt Lake City 8
BOTTOM OF THE 9TH
Salt Lake City Buzz batting - Pitching for Bangor Trident Base Ogres : RHP Jim Unknown
Pitching: LHP Jim Unknown
Batting: RHB Jim Coffey 0-0: Called Strike
0-1: Foul Ball, location: 2F
0-2: Ground out 2-3 (Groundball, 23)
Batting: RHB Jason Delaney 0-0: Ball
1-0: Fly out, F3 (Line Drive, 34)
Batting: RHB Luis Rivas 0-0: Ball
1-0: Called Strike
1-1: Called Strike
1-2: Ball
2-2: Foul Ball, location: 2F
2-2: Strikes out swinging
Bottom of the 9th over - 0 run(s), 0 hit(s), 0 error(s), 0 left on base; Bangor Trident Base 8 - Salt Lake City 8
TOP OF THE 10TH
Bangor Trident Base Ogres batting - Pitching for Salt Lake City Buzz : RHP Jim Unknown
Batting: LHB Jim Unknown 0-0: Ball
1-0: Called Strike
1-1: Ball
2-1: Foul Ball, location: 2F
2-2: Ball
3-2: Strikes out swinging
Batting: SHB Jim Unknown 0-0: Foul Ball, location: 2F
0-1: Ball
1-1: Ball
2-1: Ball
3-1: Foul Ball, location: 2F
3-2: Foul Ball, location: 2F
3-2: SINGLE (Groundball, 34D)
Batting: SHB Jim Unknown Pickoff Throw to First - Out!
0-0: Called Strike
0-1: Foul Ball, location: 2F
0-2: Strikes out swinging
Top of the 10th over - 0 run(s), 1 hit(s), 0 error(s), 0 left on base; Bangor Trident Base 8 - Salt Lake City 8
BOTTOM OF THE 10TH
Salt Lake City Buzz batting - Pitching for Bangor Trident Base Ogres : LHP Jim Unknown
Batting: RHB Julián Guzmán 0-0: Ball
1-0: Called Strike
1-1: Ball
2-1: Swinging Strike
2-2: Ball
3-2: Fly out, F8 (Flyball, 8LXD)
Batting: LHB Iván Gonzáles 0-0: Ball
1-0: SINGLE (Groundball, 56D)
Batting: RHB Don MacNeilage 0-0: Ball
1-0: Called Strike
1-1: Grounds into double play, 5-4-3 (Groundball, 56)
Bottom of the 10th over - 0 run(s), 1 hit(s), 0 error(s), 0 left on base; Bangor Trident Base 8 - Salt Lake City 8
TOP OF THE 11TH
Bangor Trident Base Ogres batting - Pitching for Salt Lake City Buzz : RHP Jim Unknown
Pitching: RHP Jim Unknown
Batting: RHB Jim Unknown 0-0: Fly out, F4 (Line Drive, 4)
Batting: RHB Jim Unknown 0-0: Ball
1-0: Ball
2-0: Called Strike
2-1: Swinging Strike
2-2: Strikes out swinging
Batting: LHB Jim Unknown 0-0: Foul Ball, location: 2F
0-1: Swinging Strike
0-2: Ball
1-2: Foul Ball, location: 2F
1-2: Ball
2-2: Foul Ball, location: 2F
2-2: Ground out U3 (Groundball, 3L)
Top of the 11th over - 0 run(s), 0 hit(s), 0 error(s), 0 left on base; Bangor Trident Base 8 - Salt Lake City 8
BOTTOM OF THE 11TH
Salt Lake City Buzz batting - Pitching for Bangor Trident Base Ogres : LHP Jim Unknown
Pitching: RHP Jim Unknown
Batting: RHB Lúcio Gonzáles 0-0: Swinging Strike
0-1: Ball
1-1: Fly out, F6 (Line Drive, 6MD)
Batting: LHB Fernando González 0-0: Ball
1-0: Ball
2-0: Called Strike
2-1: Foul Ball, location: 2F
2-2: Strikes out looking
Batting: RHB Marv White 0-0: Ball
1-0: Called Strike
1-1: Ball
2-1: Fly out, F2 (Popup, 2LF)
Bottom of the 11th over - 0 run(s), 0 hit(s), 0 error(s), 0 left on base; Bangor Trident Base 8 - Salt Lake City 8
TOP OF THE 12TH
Bangor Trident Base Ogres batting - Pitching for Salt Lake City Buzz : RHP Jim Unknown
Batting: RHB Jim Unknown 0-0: Called Strike
0-1: Ball
1-1: Called Strike
1-2: Fly out, F7 (Line Drive, 7M)
Batting: RHB Jim Unknown 0-0: Ball
1-0: SINGLE (Groundball, 34D)
Batting: LHB Jim Unknown 0-0: Fielders Choice at 2nd, 1-6 (Groundball, 15)
Batting: LHB Jim Unknown 0-0: Foul Ball, location: 2F
0-1: SINGLE (Groundball, 34D)
Jim Unknown to second
Runner from 2nd tries for 3rd, OUT!
Top of the 12th over - 0 run(s), 2 hit(s), 0 error(s), 1 left on base; Bangor Trident Base 8 - Salt Lake City 8
BOTTOM OF THE 12TH
Salt Lake City Buzz batting - Pitching for Bangor Trident Base Ogres : RHP Jim Unknown
Batting: RHB Jim Coffey 0-0: Ball
1-0: Foul Ball, location: 2F
1-1: Ball
2-1: Called Strike
2-2: Ground out 1-3 (Groundball, 15)
Batting: RHB Jason Delaney 0-0: Called Strike
0-1: Ball
1-1: Fly out, F7 (Flyball, 78M)
Batting: RHB Luis Rivas 0-0: Ball
1-0: Ground out 5-3 (Groundball, 5)
Bottom of the 12th over - 0 run(s), 0 hit(s), 0 error(s), 0 left on base; Bangor Trident Base 8 - Salt Lake City 8
TOP OF THE 13TH
Bangor Trident Base Ogres batting - Pitching for Salt Lake City Buzz : RHP Jim Unknown
Batting: SHB Jim Unknown 0-0: Foul Ball, location: 2F
0-1: Foul Ball, location: 2F
0-2: Ball
1-2: Ball
2-2: Ball
3-2: Foul Ball, location: 2F
3-2: Base on Balls
Batting: SHB Jim Unknown 0-0: Called Strike
0-1: Foul Ball, location: 2F
0-2: Grounds into double play, 6-4-3 (Groundball, 6)
Batting: RHB Jim Unknown 0-0: Ball
1-0: Called Strike
1-1: Ball
2-1: Swinging Strike
2-2: Ball
3-2: Strikes out swinging
Top of the 13th over - 0 run(s), 0 hit(s), 0 error(s), 0 left on base; Bangor Trident Base 8 - Salt Lake City 8
BOTTOM OF THE 13TH
Salt Lake City Buzz batting - Pitching for Bangor Trident Base Ogres : RHP Jim Unknown
Batting: RHB Julián Guzmán 0-0: Ball
1-0: Ball
2-0: Ball
3-0: Called Strike
3-1: Fly out, F6 (Line Drive, 5)
Batting: LHB Iván Gonzáles 0-0: Ground out 4-3 (Groundball, 34)
Batting: RHB Don MacNeilage 0-0: Foul Ball, location: 2F
0-1: Hit by Pitch
Batting: RHB Lúcio Gonzáles 0-0: Ball
1-0: SINGLE (Groundball, 4MD)
Don MacNeilage to second
Batting: LHB Fernando González 0-0: Ball
1-0: SINGLE (Groundball, 15S) (infield hit)
Don MacNeilage to third
Lúcio Gonzáles to second
Batting: RHB Marv White 0-0: Ball
1-0: Ball
2-0: Ball
3-0: Base on Balls
Don MacNeilage scores
Lúcio Gonzáles to third
Fernando González to second
This league is powered by Out of the Park Baseball, the baseball management simulation game for PC, Mac and Linux
Saturday, February 27th, 2021 - OOTP Baseball 15.6 Build 34